 Dungeon Crawl Stone Soup version 0.32-a0-643-ga006e7742e (webtiles) character file.

Game seed: 11654217490607953643

4 Aldia the Sneak (level 1, 0/10 HPs)
             Began as a Vampire Enchanter on Mar 7, 2024.
             Slain by a kobold
             ... wielding a +0 whip
              (1 damage)
             ... on level 1 of the Dungeon.
             The game lasted 00:00:47 (201 turns).

Aldia the Sneak (Vampire Enchanter)                  Turns: 201, Time: 00:00:47

Health: 0/10       AC:  2    Str:  7    XL:     1   Next: 50%
Magic:  3/3        EV: 12    Int: 17    God:
Gold:   39         SH:  0    Dex: 14    Spells: 4/4 levels left

rFire   . . .        a - +1 dagger
rCold   + + .        (no shield)
rNeg    + + +        b - +0 robe
rPois   ∞            (no helmet)
rElec   .            (no cloak)
rCorr   .            (no gloves)
SInv    +            (no boots)
Will    .....        (no amulet)
Stlth   +++++        (no ring)
HPRegen 0.00/turn    (no ring)
MPRegen 0.08/turn

%: no passive effects
@: bloodless, inhibited regen
A: bloodless, fangs 3, see invisible, vampiric 1
a: Revivify


You were on level 1 of the Dungeon.
You visited 1 branch of the dungeon, and saw 1 of its levels.

You collected 39 gold pieces.

Inventory:

Hand Weapons
 a - a +1 dagger (weapon)
Armour
 b - a +0 robe (worn)
Scrolls
 d - a scroll of enchant armour {unknown}
 e - a scroll of blinking {unknown}
 f - a scroll of amnesia {unknown}
 g - a scroll of enchant weapon {unknown}
Potions
 c - 2 potions of invisibility
 h - a potion of enlightenment {unknown}


   Skills:
 * Level 1.3 Short Blades
 - Level 2.1 Dodging
 * Level 4.6 Stealth
 - Level 2.0 Spellcasting
 + Level 4.5 Hexes


You had 4 spell levels left.
You didn't know any spells.
Your spell library contained the following spells:

 Spells                   Type           Power      Damage    Failure   Level
 Confusing Touch          Hex            17%        N/A       9%          3
 Tukima's Dance           Hex            17%        N/A       9%          3
 Ensorcelled Hibernation  Hex/Ice        18%        N/A       12%         2
 Magic Dart               Conj           4%         1d3       19%         1
 Dazzling Flash           Conj/Hex       18%        N/A       22%         3
 Searing Ray              Conj           2%         2d4       28%         2
 Fulminant Prism          Conj/Alch      0%         3d5       88%         4


Dungeon Overview and Level Annotations

Branches:
Dungeon (1/15)

Altars:


Innate Abilities, Weirdness & Mutations

You do not regenerate when monsters are visible.
You are frail without blood (-20% HP).
You can heal yourself when you bite living creatures.
You are immune to poison.
You have razor-sharp teeth.
You have supernaturally acute eyesight. (SInv)
You are afflicted with vampirism.


Message History

You now have 37 gold pieces (gained 9).
A frilled lizard comes into view.
The helpless frilled lizard fails to defend itself.
You bite the frilled lizard, and draw its blood!
You impale the frilled lizard!!
You kill the frilled lizard!
You open the door.
There is an open door here.
f - a scroll labelled YKHIN JAFARGH You now have 39 gold pieces (gained 2).
g - a scroll labelled UCYTEA WAHUAQ A kobold comes into view.
It is wielding a +0 dagger.
Found a stone.
The helpless kobold fails to defend itself.
You bite the kobold, and draw its blood!
You puncture the kobold!
You kill the kobold!
Things that are here:
a +0 dagger; a kobold corpse
h - a sapphire potion A kobold comes into view.
It is wielding a +0 whip.
The kobold shouts!
The kobold closely misses you.
You miss the kobold. The kobold hits you with a +0 whip.
You hit the kobold.
The kobold is severely wounded.
The kobold hits you with a +0 whip.
Ouch! That really hurt!
* * * LOW HITPOINT WARNING * * *
You are too injured to fight recklessly!
You are too injured to fight recklessly!
You don't know any spells.
Okay, then.
You closely miss the kobold. Your bite misses the kobold.
The kobold is severely wounded.
The kobold hits you but does no damage.
You hit the kobold but do no damage. You bite the kobold, but do no damage.
The kobold is severely wounded.
The kobold hits you with a +0 whip.
You die...

#######......#......
#............#.....
#.######..)..#.#..# #.#
#......#.#.#..## #.#
#.######.#.#.... #.#
#............###### #.#
............!...... #.#
########....######## #.#
..........@K.....#.# #.#
######....######.#.# #.# ######
#.#.# #.####### ##########.#.#
#........ ....... ....#
......### #...####...######
#####.#########)...............
..............#....###...#####
#.##........#.#)...##.......#


You could see a kobold.

Vanquished Creatures
  An endoplasm (D:1)
  A kobold (D:1)
  2 frilled lizards (D:1)
4 creatures vanquished.

Notes
Turn   | Place    | Note
-------+----------+-------------------------------------------
     0 | D:1      | Aldia the Vampire Enchanter began the quest for the Orb.
     0 | D:1      | Reached XP level 1. HP: 13/13 MP: 3/3
   201 | D:1      | Slain by a kobold

Illustrated notes

Levels and vault maps discovered:
D:1:      grunt_arrival_lava_bath, layout_basic

Action                     || total
---------------------------++-------
  Melee: Dagger            ||     8
         Bite              ||     1
Ability: Exsanguinate      ||     1
   Stab: Sleeping          ||     3
 Armour: Robe              ||     4
  Dodge: Dodged            ||     1

Table legend: (Time is in decaauts)
 A = Elapsed time spent in this place.
 B = Non-inter-level travel time spent in this place.
 C = Inter-level travel time spent in this place.
 D = Time resting spent in this place.
 E = Time spent auto-exploring this place.
 F = Levels seen in this place.
 G = Mean time per level.
                   A        B        C        D        E       F      G
               +--------+--------+--------+--------+--------+-----+--------+
         Total |    200 |    200 |      0 |      0 |    132 |   1 |  200.0 |
       Dungeon |    200 |    200 |      0 |      0 |    132 |   1 |  200.0 |
               +--------+--------+--------+--------+--------+-----+--------+

Top non-repeatable levels by time:
     D:1: 200 daAuts
